 Dungeon Crawl Stone Soup version 0.29-a0-565-g7a16c6de65 (webtiles) character file.

Game seed: 15301158129061312657

1024 Lekart the Skirmisher (level 8, -3/70 HPs)
             Began as a Black Draconian Abyssal Knight on June 12, 2022.
             Was an Elder of Lugonu.
             Slain by a troll (11 damage)
             ... on level 5 of the Dungeon.
             The game lasted 00:06:07 (5122 turns).

Lekart the Skirmisher (DrAK)                        Turns: 5122, Time: 00:06:08

Health: -3/70      AC:  6    Str: 16    XL:     8   Next: 2%
Magic:  12/12      EV: 12    Int: 11    God:    Lugonu [****..]
Gold:   187        SH:  0    Dex: 13    Spells: 7/7 levels left

rFire   . . .      SeeInvis .   j - +4 scythe
rCold   . . .      Faith    .   (shield currently unavailable)
rNeg    . . .      Spirit   .   (body armour unavailable)
rPois   .          Reflect  .   (helmet restricted)
rElec   +          Harm     .   (no cloak)
rCorr   .          Rampage  .   (no gloves)
Will    .....                   (no boots)
Stlth   +.........              (no amulet)
HPRegen 0.21/turn               (no ring)
MPRegen 0.13/turn               (no ring)

@: hasted, very quick
A: breathe lightning, AC +6, unfitting armour, electricity resistance,
cold-blooded, claws 1, horns 1, high MP 1
a: Breathe Lightning, Renounce Religion, Depart the Abyss, Bend Space, Banish,
Corrupt


You were on level 5 of the Dungeon.
You worshipped Lugonu.
Lugonu was greatly pleased with you.
You visited 1 branch of the dungeon, and saw 6 of its levels.
You visited the Abyss 1 time.

You collected 209 gold pieces.
You spent 22 gold pieces at shops.

Inventory:

Hand Weapons
 a - a +1 falchion
 j - a +4 scythe (weapon)
Jewellery
 c - a ring of ice
 f - a +4 ring of evasion
Wands
 i - a wand of flame (37)
 l - a wand of iceblast (9)
Scrolls
 b - 2 scrolls of teleportation
 e - a scroll of poison
 g - 2 scrolls of identify
Potions
 d - 2 potions of ambrosia
 k - 4 potions of curing
 n - a potion of flight
 o - a potion of resistance


   Skills:
 + Level 6.0 Fighting
 + Level 4.2 Long Blades
 + Level 5.3 Polearms
 - Level 2.1 Dodging
 * Level 4.9 Invocations
 + Level 1.0 Evocations


You had 7 spell levels left.
You didn't know any spells.
Your spell library contained the following spells:

 Spells                   Type           Power      Damage    Failure   Level
 Apportation              Tloc           0%         N/A       34%         1
 Magic Dart               Conj           0%         1d3       34%         1
 Necrotize                Necr           0%         1d4       34%         1
 Summon Small Mammal      Summ           0%         N/A       34%         1
 Call Imp                 Summ           0%         N/A       47%         2
 Dazzling Flash           Conj/Hex       0%         N/A       71%         3
 Mephitic Cloud           Conj/Pois/Air  0%         N/A       71%         3
 Summon Guardian Golem    Hex/Summ       0%         N/A       71%         3
 Olgreb's Toxic Radiance  Pois           0%         N/A       98%         4
 Agony                    Necr           0%         N/A       100%        5
 Silence                  Hex/Air        0%         N/A       100%        5
 Orb of Destruction       Conj           0%         9d5       100%        7
 Ozocubu's Refrigeration  Ice            0%         4d5       100%        7
 Spellforged Servitor     Conj/Summ      0%         N/A       100%        7
 Ignition                 Fire           0%         3d3       100%        8


Dungeon Overview and Level Annotations

Branches:
Dungeon (6/15)             Temple (0/1) D:4

Altars:
Cheibriados
Hepliaklqana
Makhleb
Okawaru
Ru
Uskayaw
Yredelemnul

Shops:
D:1 (?([


Innate Abilities, Weirdness & Mutations

You can breathe wild blasts of lightning.
Your glossy black scales are hard. (AC +6)
You cannot fit into any form of body armour.
You are resistant to electric shocks. (rElec)
You are cold-blooded and may be slowed by cold attacks.
You have sharp fingernails.
You have a pair of small horns on your head.
You have an increased reservoir of magic. (+10% MP)


Message History

The iguana closely misses you.
The iguana bites you but does no damage.
You barely miss the iguana.
The iguana is almost dead.
The troll closely misses you. The troll barely misses you.
The troll claws you but does no damage. The iguana closely misses you.
The iguana barely misses you. The troll completely misses you.
The troll closely misses you. The troll claws you.
You hit the iguana.
You kill the iguana!
Lugonu accepts your kill. The hound completely misses you.
The hound bites you but does no damage. The troll bites you.
The troll claws you! The troll barely misses you. The hound bites you.
The centaur unwields a +0 shortbow.
The centaur hits you. The centaur barely misses you. The troll bites you!
* * * LOW HITPOINT WARNING * * *
The troll misses you. The troll closely misses you.
The hound bites you but does no damage. The centaur hits you.
* * * LOW HITPOINT WARNING * * *
The centaur barely misses you.
You climb upwards.
There is a stone staircase leading down here.
Okay, then.
You feel much better. The hound barely misses you. The centaur misses you.
The centaur kicks you but does no damage.
The troll bites you!
* * * LOW HITPOINT WARNING * * *
The troll barely misses you. x2; The hound barely misses you.
The centaur closely misses you. x2; The hound completely misses you.
The centaur hits you.
* * * LOW HITPOINT WARNING * * *
The centaur misses you. The hound bites you.
* * * LOW HITPOINT WARNING * * *
The centaur wields a +0 shortbow.
The centaur shoots an arrow.
The arrow completely misses you. The hound bites you.
* * * LOW HITPOINT WARNING * * *
You feel yourself speed up. The troll bites you!
You die...

#.........#.<.....#.......#......
..........#...###.#.......#......
##.###....#.....#.###.########.†.
.#.###....#.#.#.#.###.# #...
.#............#.......#########..
...###....###.####...............
...#....###...#..................
...#.#...##...#.#c.......>.......
...<.....##.....@T>.#...).#####..
.........#.......h............#..
.........#....................#..
....#....#..##................#..
....#....#..##................###
............##................#
.#########.####.####..........#
.# #......# #.########......#
#####.###### #.....# #.######


You could see a troll, a centaur and a hound.

Vanquished Creatures
  Sigmund (D:2)
  2 black bears (D:5)
  3 scorpions (D:5)
  A necrophage (D:5)
  3 hounds
  2 orc priests
  2 iguanas
  An orc wizard (D:4)
  Ijyb (D:3)
  Robin (D:4)
  4 gnolls (D:4)
  5 adders
  A worm (D:2)
  5 dart slugs
  12 orcs
  10 endoplasms
  2 giant cockroaches (D:1)
  8 goblins
  7 hobgoblins
  4 jackals (D:2)
  11 kobolds
  2 quokkas
  7 ball pythons
  2 bats
  5 frilled lizards
  7 rats
109 creatures vanquished.

Vanquished Creatures (others)
  2 plants (D:1)
  4 withered plants (D:1)
6 creatures vanquished.

Grand Total: 115 creatures vanquished

Notes
Turn   | Place    | Note
-------+----------+-------------------------------------------
     0 | Abyss:1  | Lekart the Draconian Abyssal Knight began the quest for the
                  | Orb.
     0 | Abyss:1  | Reached XP level 1. HP: 19/19 MP: 2/2
     0 | D:1      | Escaped the Abyss
   117 | D:1      | Found Vatib's Magic Scroll Boutique.
   129 | D:1      | Bought a scroll of identify for 22 gold pieces
   218 | D:1      | Reached XP level 2. HP: 27/27 MP: 3/3
   228 | D:1      | Found a faded altar of an unknown god.
   278 | D:1      | Found Buskon's Weapon Boutique.
   486 | D:1      | Found Xuttyis's Antique Armour Boutique.
   694 | D:1      | Found Siaqeupu's Weapon Boutique.
   788 | D:1      | Reached skill level 4 in Fighting
  1005 | D:2      | Reached XP level 3. HP: 16/33 MP: 4/4
  1915 | D:2      | Noticed Sigmund
  1925 | D:2      | Killed Sigmund
  1926 | D:2      | Reached XP level 4. HP: 25/41 MP: 4/6
  1926 | D:2      | Reached XP level 5. HP: 29/47 MP: 4/7
  2224 | D:3      | Reached *** piety under Lugonu
  2303 | D:3      | Reached skill level 5 in Fighting
  2481 | D:3      | Found a burning altar of Makhleb.
  2685 | D:3      | Gained mutation: You have a pair of small horns on your
                  | head. [potion of mutation]
  2685 | D:3      | Gained mutation: You have an increased reservoir of magic.
                  | (+10% MP) [potion of mutation]
  2685 | D:3      | Gained mutation: You have sharp fingernails. [potion of
                  | mutation]
  2853 | D:3      | Noticed Ijyb
  2855 | D:3      | Paralysed by Ijyb for 4 turns
  2868 | D:3      | Paralysed by Ijyb for 2 turns
  2875 | D:3      | Killed Ijyb
  3023 | D:4      | Found a staircase to the Ecumenical Temple.
  3030 | D:4      | Reached skill level 1 in Polearms
  3030 | D:4      | Reached XP level 6. HP: 50/56 MP: 9/9
  3266 | D:4      | Found a basalt altar of Yredelemnul.
  3665 | D:4      | Noticed Robin
  3670 | D:4      | Killed Robin
  4134 | D:4      | Found a sacrificial altar of Ru.
  4134 | D:4      | Found a hide-covered altar of Uskayaw.
  4197 | D:4      | Found an iron altar of Okawaru.
  4199 | D:4      | Found a hazy altar of Hepliaklqana.
  4201 | D:4      | Found a snail-covered altar of Cheibriados.
  4299 | D:5      | Entered Level 5 of the Dungeon
  4450 | D:5      | Your scales start taking on a glossy black colour.
  4450 | D:5      | Reached XP level 7. HP: 49/61 MP: 9/11
  4450 | D:5      | Gained mutation: You are resistant to electric shocks.
                  | (rElec) [Black Draconian growth]
  4595 | D:5      | Reached **** piety under Lugonu
  4790 | D:5      | Reached skill level 5 in Polearms
  4817 | D:5      | Reached skill level 6 in Fighting
  4817 | D:5      | Reached skill level 1 in Evocations
  4983 | D:5      | Reached XP level 8. HP: 70/70 MP: 12/12
  5113 | D:6      | Noticed a troll
  5122 | D:5      | Slain by a troll

Illustrated notes

Levels and vault maps discovered:
D:1:      minmay_arrival_glassed_features, layout_loops_ring, serial_shops,
          nicolae_shop_hallway_plus, shop, nicolae_shop_advertising_works
          [nicolae_subvault_shop_adworks], nicolae_shop_bloodbath_and_beyond,
          serial_forest, infiniplex_forest_lined_2, infiniplex_forest_3_way,
          infiniplex_forest_clump_large, infiniplex_forest_diagonal,
          infiniplex_forest_lined_3, infiniplex_forest_lined_ring,
          infiniplex_forest_lined_room_2, infiniplex_forest_lined_3,
          shapermc_ecumenical_altar_flowoftime
D:2:      layout_basic, serial_glass, glass_columns_b, glass_columns_a,
          nicolae_elevator_lobby_plus, uniq_sigmund
D:3:      layout_basic, mainiacjoe_overflow_boulevard, uniq_ijyb
D:4:      layout_loops_cross, chequers_temple_overflow_minitemple,
          yredelemnul_altar_generic, minmay_temple_entry_water_ring,
          minmay_misc_feat_secret_circle, uniq_robin
D:5:      layout_basic
D:6:      layout_loops_ring, nemelex_xobeh_ov_fountains_minmay,
          serial_park_tiny_pond

Skill      XL: |  1  2  3  4  5  6  7 |
---------------+----------------------+-----
Fighting       | 4 5 6 |  6.0
Long Blades    | 4 |  4.2
Invocations    | 3 4 |  4.9
Polearms       | 1 3 5 |  5.3
Evocations     | 1 |  1.0
Dodging        | |  2.1

Action                   |  1- 3 |  4- 6 |  7- 9 || total
-------------------------+-------+-------+-------++-------
Melee: Falchion          |   133 |       |       ||   133
       Tailslap          |    17 |     8 |     3 ||    28
       Punch             |     1 |       |       ||     1
       Scythe            |       |   122 |    33 ||   155
       Headbutt          |       |    10 |     4 ||    14
Invok: Depart the Abyss  |     1 |       |       ||     1
Evoke: Wand              |       |     5 |       ||     5
  Use: Scroll            |     3 |     6 |     2 ||    11
       Potion            |       |     3 |     2 ||     5
 Stab: Sleeping          |     2 |     5 |       ||     7
Armor: Skin              |    36 |    41 |    18 ||    95
Dodge: Dodged            |    75 |   124 |    44 ||   243

Table legend: (Time is in decaauts)
 A = Elapsed time spent in this place.
 B = Non-inter-level travel time spent in this place.
 C = Inter-level travel time spent in this place.
 D = Time resting spent in this place.
 E = Time spent auto-exploring this place.
 F = Levels seen in this place.
 G = Mean time per level.
                   A        B        C        D        E       F      G
               +--------+--------+--------+--------+--------+-----+--------+
         Total |   5291 |   5188 |    103 |    178 |   4148 |   7 |  755.9 |
       Dungeon |   5291 |   5188 |    103 |    178 |   4148 |   6 |  881.8 |
         Abyss |      0 |      0 |      0 |      0 |      0 |   1 |    0.0 |
               +--------+--------+--------+--------+--------+-----+--------+

Top non-repeatable levels by time:
     D:4: 1342 daAuts
     D:2: 1278 daAuts
     D:1: 957 daAuts
     D:3: 856 daAuts
     D:5: 846 daAuts
     D:6: 10 daAuts
